 Dungeon Crawl Stone Soup version 0.29-a0-330-g52719c12eb (webtiles) character file.

Game seed: 756161150647918967

1095 tilp the Spear-Bearer (level 8, -3/85 HPs)
             Began as a Merfolk Monk on Apr 29, 2022.
             Was a Priest of Hepliaklqana.
             Slain by an orc warrior
             ... wielding a +0 halberd
              (12 damage)
             ... in a bailey.
             The game lasted 00:09:59 (5510 turns).

tilp the Spear-Bearer (Merfolk Monk)                Turns: 5510, Time: 00:10:00

Health: -3/85      AC: 24    Str: 13    XL:     8   Next: 31%
Magic:  8/8        EV:  2    Int: 10    God:    Hepliaklqana [***...]
Gold:   300        SH:  0    Dex: 16    Spells: 7/7 levels left

rFire   + . .      SeeInvis .   b - +0 halberd
rCold   . . .      Faith    +   (shield currently unavailable)
rNeg    . . .      Spirit   .   (body armour currently unavailable)
rPois   +          Reflect  .   (helmet currently unavailable)
rElec   .          Harm     .   (cloak currently unavailable)
rCorr   .          Rampage  .   (gloves currently unavailable)
Will    .....      NoTele   +   (boots currently unavailable)
Stlth   +++.......              o - amulet of faith
HPRegen 0.24/turn               e - ring of protection from fire
MPRegen 0.11/turn               (no ring)

@: tree-form
A: stationary, stasis, torment immunity, boosted hp, reduced essence, (nimble
swimmer 2), (mertail)
a: Renounce Religion, Recall Ancestor, Ancestor Identity, Transference


You were in a bailey.
You worshipped Hepliaklqana.
Hepliaklqana was most pleased with you.
You were a tree.
You visited 1 branch of the dungeon, and saw 6 of its levels.
You also visited: Sewer and Bailey.

You collected 300 gold pieces.

Inventory:

Hand Weapons
 a - a +1 vorpal spear
 b - a +0 halberd (weapon)
Missiles
 q - 3 boomerangs
 r - 7 poisoned darts (quivered)
 s - 110 stones
Armour
 d - a +0 ring mail
 h - a +0 chain mail (melded)
 l - a +2 cloak (melded)
 m - a +2 helmet (melded)
Jewellery
 e - a ring of protection from fire (left branch)
 o - an amulet of faith (around neck)
 w - a ring of ice
Scrolls
 n - 2 scrolls of amnesia
 p - a scroll of magic mapping
Potions
 c - a potion of ambrosia
 f - a potion of haste
 g - a potion of might {unknown}
 i - 2 potions of lignification
 j - a potion of brilliance {unknown}
 k - a potion of attraction
 u - a potion of heal wounds {unknown}
 v - 4 potions of curing


   Skills:
 + Level 6.2 Fighting
 + Level 10.1 Polearms
 - Level 2.0 Armour
 - Level 4.0 Dodging
 - Level 4.0 Stealth


You had 7 spell levels left.
You didn't know any spells.
Your spell library contained the following spells:

 Spells                   Type           Power      Damage    Failure   Level
 Sting                    Tmut/Pois      0%         1d3       36%         1
 Poisonous Vapours        Pois/Air       0%         N/A       50%         2
 Summon Guardian Golem    Hex/Summ       0%         N/A       75%         3
 Airstrike                Air            0%         N/A       98%         4
 Olgreb's Toxic Radiance  Pois           0%         N/A       98%         4
 Summon Lightning Spire   Summ/Air       0%         N/A       98%         4
 Lightning Bolt           Conj/Air       0%         1d11      100%        5
 Orb of Destruction       Conj           0%         9d5       100%        7
 Spellforged Servitor     Conj/Summ      0%         N/A       100%        7


Dungeon Overview and Level Annotations

Branches:
Dungeon (7/15)             Temple (0/1) D:5           Sewer (visited)
 Bailey (1/1)

Altars:
Ashenzari
Gozag
Hepliaklqana
Nemelex Xobeh
Ru
Trog
Xom

Annotations:
D:3 3 runed translucent doors, Concombre's ghost, amateur MiFi


Innate Abilities, Weirdness & Mutations

You are a tree.
Your roots penetrate the ground, keeping you stationary.
You cannot be teleported.
You are immune to unholy pain and torment.
Your maximum health is greatly increased.
Your equipment is partially melded.
Your life essence is reduced to manifest your ancestor. (-10% HP)
((You are very nimble when in or above water. (Stealth+, EV+, Speed+++)))
((Your lower body shifts to a powerful aquatic tail in water.))


Message History

The orc warrior hits you but does no damage.
The orc warrior hits you from afar with a +0 glaive.
* * * LOW HITPOINT WARNING * * *
Unknown command.
You cannot move. (Use ctrl+direction or * direction to attack while stationary and confused.)
You cannot move. (Use ctrl+direction or * direction to attack while stationary and confused.) Unknown command.
The orc warrior barely misses you.
The orc warrior hits you from afar with a +0 glaive.
* * * LOW HITPOINT WARNING * * *
The orc warrior hits you with a +0 halberd!
* * * LOW HITPOINT WARNING * * *
The orc warrior hits you but does no damage.
The orc warrior hits you with a +0 halberd!
* * * LOW HITPOINT WARNING * * *
The orc warrior hits you but does no damage.
Unknown command.
The orc warrior barely misses you.
The orc warrior hits you from afar with a +0 glaive.
* * * LOW HITPOINT WARNING * * *
Unknown command.
The orc warrior barely misses you.
The orc warrior hits you from afar with a +0 glaive!
* * * LOW HITPOINT WARNING * * *
Unknown command.
You feel better.
You feel less invigorated.
The orc warrior hits you with a +0 halberd.
* * * LOW HITPOINT WARNING * * *
The orc warrior hits you but does no damage.
Unknown command.
As you read the scroll labelled CUTAAVUMILA, it crumbles to dust.
It is a scroll of enchant armour.
Your +1 helmet glows green for a moment.
The orc warrior hits you but does no damage.
The orc warrior hits you from afar with a +0 glaive!
* * * LOW HITPOINT WARNING * * *
Unknown command.
You feel better.
The orc warrior hits you with a +0 halberd!
You die...

#.≈.. .$
#.≈.# .$
#.≈.#######
#.≈........
#.≈≈≈≈≈≈≈≈≈
#...o......
##o.# #.o##
##.♣# #∩∩##
####


You could see 2 orc warriors.

Vanquished Creatures
  A water moccasin (D:7)
  An orc warrior (Bailey)
  3 scorpions
  2 hounds
  An orc priest (D:5)
  A jelly (D:4)
  An iguana (D:7)
  Natasha (D:4)
  3 orc wizards
  A hell rat (Sewer)
  Robin (D:2)
  6 gnolls
  4 adders
  A river rat (Sewer)
  2 worms
  2 dart slugs
  12 orcs
  4 endoplasms
  5 giant cockroaches
  17 goblins
  4 hobgoblins
  3 jackals
  4 kobolds
  2 quokkas
  8 ball pythons
  4 bats (D:3)
  2 frilled lizards
  12 rats
108 creatures vanquished.

Vanquished Creatures (collateral kills)
  A scorpion (D:5)
  A gnoll shaman (D:5)
  An iguana (D:5)
  Natasha (twice) (D:4)
  2 gnolls (D:5)
  2 river rats
  An adder (D:5)
  2 worms
  An endoplasm (D:4)
  3 jackals (D:4)
  2 ball pythons (D:5)
  4 rats
22 creatures vanquished.

Vanquished Creatures (others)
  2 hexers
  12 plants (D:2)
14 creatures vanquished.

Grand Total: 144 creatures vanquished

Notes
Turn   | Place    | Note
-------+----------+-------------------------------------------
     0 | D:1      | tilp the Merfolk Monk began the quest for the Orb.
     0 | D:1      | Reached XP level 1. HP: 18/18 MP: 1/1
   112 | D:1      | Reached XP level 2. HP: 24/24 MP: 2/2
   607 | D:2      | Reached XP level 3. HP: 30/30 MP: 3/3
   618 | D:2      | Reached skill level 5 in Polearms
   637 | D:2      | Reached XP level 4. HP: 18/37 MP: 4/4
  1052 | D:2      | Noticed Robin
  1078 | D:2      | Killed Robin
  1079 | D:2      | Reached skill level 6 in Polearms
  1390 | D:2      | Found a broken altar of Ashenzari.
  1562 | D:3      | Reached XP level 5. HP: 30/42 MP: 5/5
  1936 | D:3      | Found a bloodstained altar of Trog.
  1964 | D:3      | Found a runed translucent gate.
  1965 | D:3      | Found a runed translucent gate.
  1966 | D:3      | Found a runed translucent gate.
  1966 | D:3      | Noticed Concombre's ghost (amateur MiFi)
  2084 | D:3      | Found a hazy altar of Hepliaklqana.
  2115 | D:3      | Became a worshipper of Hepliaklqana the Forgotten
  2115 | D:3      | Reached * piety under Hepliaklqana
  2115 | D:3      | Reached ** piety under Hepliaklqana
  2736 | D:4      | Reached skill level 1 in Armour
  2741 | D:4      | Reached XP level 6. HP: 31/44 MP: 6/6
  2935 | D:4      | Noticed Natasha
  2943 | D:4      | Killed Natasha
  3002 | D:4      | Noticed Natasha
  3013 | D:4      | Killed Natasha
  3129 | D:4      | Found a sparkling altar of Nemelex Xobeh.
  3166 | D:4      | Noticed Natasha
  3172 | D:4      | Killed Natasha
  3275 | D:4      | Reached *** piety under Hepliaklqana
  3468 | D:4      | Reached skill level 5 in Fighting
  3468 | D:4      | Reached skill level 7 in Polearms
  3778 | D:5      | Entered Level 5 of the Dungeon
  3801 | D:5      | Reached XP level 7. HP: 35/50 MP: 7/7
  3801 | D:5      | Remembered your ancestor Gnaeus as a hexer
  4003 | D:5      | Found a sacrificial altar of Ru.
  4244 | D:5      | Found a glowing drain.
  4286 | Sewer    | Entered a sewer
  4673 | D:5      | Found a staircase to the Ecumenical Temple.
  4710 | D:5      | Found a shimmering altar of Xom.
  4710 | D:5      | Found an opulent altar of Gozag.
  4852 | D:5      | Reached skill level 8 in Polearms
  5165 | D:5      | You fall into a shaft and drop 2 floors!
  5178 | D:7      | Reached skill level 9 in Polearms
  5189 | D:7      | Reached XP level 8. HP: 52/57 MP: 8/8
  5246 | D:7      | Found a flagged portal.
  5474 | Bailey   | Entered a bailey
  5493 | Bailey   | Reached skill level 10 in Polearms
  5509 | Bailey   | HP: 3/85 [orc warrior/+0 glaive (11)]
  5510 | Bailey   | Slain by an orc warrior

Illustrated notes

Levels and vault maps discovered:
D:1:      erik_arrival_triangle_medium, layout_rooms
D:2:      layout_loops_ring, basic_altar, nicolae_grassy_gnolls, uniq_robin
D:3:      layout_loops_ring, bloody_trog, marbit_many_paths,
          ebering_ghost_rock_garden
D:4:      layout_gridville, nemelex_spade_bored_becter, abandoned_shop,
          uniq_natasha
D:5:      layout_rooms, hangedman_ru_absence, mainiacjoe_overflow_divided_tiny,
          minmay_temple_entry_poolview, portal_sewer_entry_a,
          nrook_loot_triangle
D:7:      layout_basic, enter_bailey_3, grunt_ministairs_9
Bailey:   bailey_polearm_1, bailey

Skill      XL: |  1  2  3  4  5  6  7  8 |
---------------+-------------------------+-----
Fighting       | 4 5 6 |  6.2
Polearms       | 5 6 7 9 10 | 10.1
Armour         | 1 2 |  2.0
Stealth        | 3 4 |  4.0
Dodging        | |  4.0

Action                   |  1- 3 |  4- 6 |  7- 9 || total
-------------------------+-------+-------+-------++-------
Melee: Spear             |    75 |   271 |   121 ||   467
       Punch             |     1 |     3 |     2 ||     6
       Halberd           |       |       |    62 ||    62
       Tailslap          |       |       |     1 ||     1
Invok: Ancestor Life: He |       |       |     1 ||     1
  Use: Scroll            |     3 |     7 |     4 ||    14
       Potion            |       |       |     5 ||     5
 Stab: Sleeping          |     1 |       |       ||     1
       Distracted        |       |     3 |     1 ||     4
       Confused          |       |       |     1 ||     1
Armor: Ring mail         |     8 |       |       ||     8
       Chain mail        |    12 |   101 |    83 ||   196
       Skin              |       |       |    14 ||    14
Dodge: Dodged            |    24 |    68 |    35 ||   127

Table legend: (Time is in decaauts)
 A = Elapsed time spent in this place.
 B = Non-inter-level travel time spent in this place.
 C = Inter-level travel time spent in this place.
 D = Time resting spent in this place.
 E = Time spent auto-exploring this place.
 F = Levels seen in this place.
 G = Mean time per level.
                   A        B        C        D        E       F      G
               +--------+--------+--------+--------+--------+-----+--------+
         Total |   5401 |   5135 |    266 |    903 |   3131 |   8 |  675.1 |
       Dungeon |   5065 |   4799 |    266 |    797 |   3010 |   6 |  844.2 |
         Sewer |    299 |    299 |      0 |    106 |    121 |   1 |  299.0 |
        Bailey |     35 |     35 |      0 |      0 |      0 |   1 |   35.0 |
               +--------+--------+--------+--------+--------+-----+--------+

Top non-repeatable levels by time:
     D:4: 1232 daAuts
     D:3: 1199 daAuts
     D:2: 947 daAuts
     D:5: 842 daAuts
     D:1: 534 daAuts
     D:7: 309 daAuts
   Sewer: 299 daAuts
  Bailey: 35 daAuts
